AoeStats
← Mandingo

Fortress

509915163Analyzed
4v4 RM · 3d ago on Sep 28, 2026· 31m 2s· 8 players
Game mode
Random Map
Map size
Huge
Population
200
Speed
Normal
Resources
Standard
Victory
Conquest
Starting age
Dark Age
Ending age
Imperial Age
RankedLock teamsTeams togetherTeam positionsShared explorationLock speedFull tech treeHidden civsTurbo modeCheats
Victory
Defeat
🇪🇸 Goths · Spain
1228
+13
🇷🇴 Chinese · Romania
1226
+13
🇹🇷 Saxons · Türkiye
1198
+15
🇫🇷 Teutons · France
1182
+16
🇨🇦 Bengalis · Canada
1189
-15
🇹🇼 Burgundians · Taiwan
1168
-14
🇧🇷 Mongols · Brazil
1166
-14
🇮🇳 Georgians · India
1155
-14
Garoutte
2:04 Loom
2:24 Loom
8:30 Feudal Age
12:10 Castle Age
10:11 Horse Collar
11:09 Double-Bit Axe
11:18 Gold Mining
12:24 Bloodlines
16:25 Forging
18:29 Scale Barding Armor
20:19 Wheelbarrow
21:15 Iron Casting
23:35 Heavy Plow
23:49 Bow Saw
23:34 Stone Mining
24:31 Hand Cart
24:01 Town Watch
25:17 Chain Barding Armor
31:44 Imperial Age
29:31 Masonry
29:51 Fervor
30:42 Fletching
31:27 Town Patrol
huell
10:00 Feudal Age
13:53 Castle Age
11:59 Double-Bit Axe
11:57 Horse Collar
12:11 Gold Mining
12:22 Loom
16:09 Bow Saw
20:12 Heavy Plow
21:57 Town Watch
22:48 Wheelbarrow
23:27 Gold Shaft Mining
23:20 Scale Mail Armor
24:20 Chain Mail Armor
25:03 Hand Cart
24:40 Arson
24:57 Squires
25:08 Forging
25:23 Fletching
26:50 Iron Casting
30:59 Imperial Age
CARANZA
1:31 Loom
8:17 Feudal Age
8:56 Double-Bit Axe
12:14 Castle Age
9:58 Horse Collar
13:24 Forging
13:14 Scale Mail Armor
16:30 Squires
16:54 Chain Mail Armor
20:50 Wheelbarrow
20:17 Heavy Plow
21:22 Bow Saw
23:43 Iron Casting
26:01 Anarchy
30:13 Hand Cart
RoaZorro
7:26 Feudal Age
11:14 Castle Age
9:09 Double-Bit Axe
9:24 Horse Collar
12:31 Bow Saw
13:57 Heavy Plow
19:50 Arson
20:05 Squires
22:42 Wheelbarrow
21:55 Loom
25:49 Imperial Age
23:46 Hand Cart
24:57 Gold Mining
24:58 Stone Mining
25:08 Town Watch
25:36 Scale Mail Armor
25:47 Forging
25:27 Fletching
25:38 Padded Archer Armor
26:35 Ballistics
26:28 Masonry
26:30 Fortified Wall
26:48 Chain Mail Armor
26:04 Elite Fire Lancer
27:51 Chemistry
28:06 Iron Casting
27:33 Bodkin Arrow
28:18 Conscription
29:34 Plate Mail Armor
31:00 Blast Furnace
Mandingo
8:25 Feudal Age
9:29 Double-Bit Axe
9:43 Horse Collar
12:12 Castle Age
12:12 Gold Mining
13:08 Bow Saw
13:15 Heavy Plow
18:03 Gold Shaft Mining
18:40 Fletching
18:57 Scale Barding Armor
19:12 Man-at-Arms
20:10 Forging
19:55 Long Swordsman
20:02 Pikeman
24:15 Scale Mail Armor
25:13 Chain Mail Armor
27:19 Iron Casting
34:01 Imperial Age
Makarov99
2:46 Loom
8:15 Feudal Age
9:05 Horse Collar
9:41 Double-Bit Axe
12:12 Scale Barding Armor
14:43 Castle Age
16:17 Chain Barding Armor
15:34 Pikeman
16:14 Squires
30:42 Heavy Plow
asd40130069
7:28 Feudal Age
5:49 Double-Bit Axe
8:53 Loom
11:57 Castle Age
10:46 Bow Saw
14:37 Wheelbarrow
14:38 Horse Collar
18:25 Heavy Plow
18:56 Gold Mining
20:14 Gold Shaft Mining
21:38 Forging
21:33 Scale Barding Armor
22:29 Husbandry
21:50 Cavalier
23:56 Iron Casting
23:42 Chain Barding Armor
27:00 Imperial Age
24:51 Hand Cart
28:54 Blast Furnace
28:29 Plate Barding Armor
30:36 Ballistics
31:17 Chemistry
30:22 Paladin
AztecKiller2427
9:01 Feudal Age
9:43 Loom
10:12 Double-Bit Axe
12:42 Castle Age
10:39 Horse Collar
14:03 Heavy Plow
14:15 Bow Saw
18:35 Wheelbarrow
22:14 Hand Cart
26:28 Imperial Age
24:30 Scale Barding Armor
24:36 Forging
25:04 Bloodlines
24:55 Husbandry
26:23 Chain Barding Armor
27:42 Iron Casting
28:12 Plate Barding Armor
29:23 Conscription
29:40 Elite Monaspa
Connection lost

Rejoining the realm…

Still unreachable

The connection could not be restored.

Session expired

The server has moved on; the page needs a fresh start.